 Dungeon Sprint DCSS version 0.30.0-29-ga12c61a403 (webtiles) character file.

Game seed: 14502439933239005404

900000 Revguard the Disciple of Destruction (level 10, -28/89 HPs)
             Began as a Demonspawn Gladiator on June 7, 2023.
             Was a Follower of Makhleb.
             Annihilated by a meat berserker
             ... wielding a +9 battleaxe
              (46 damage)
             ... in the Dungeon (Sprint VIII: "Arena of Blood").
             The game lasted 00:00:40 (9 turns).

Revguard the Disciple of Destruction (DsGl)            Turns: 9, Time: 00:00:41

Health: -28/89     AC:  7    Str: 14    XL:     10   Next: 77%
Magic:  11/21      EV: 19    Int: 10    God:    Makhleb [*.....]
Gold:   0          SH:  4    Dex: 19    Spells: 9/9 levels left

rFire   . . .        l - +∞ Axe of Woe
rCold   . . .        (shield currently unavailable)
rNeg    . . .        b - +0 leather armour
rPois   .            (helmet restricted)
rElec   .            (no cloak)
rCorr   .            (no gloves)
SInv    .            (no boots)
Will    .....        (no amulet)
Stlth   +            (no ring)
HPRegen 0.34/turn    (no ring)
MPRegen 0.17/turn

%: no teleportation
@: no status effects
A: horns 2, yellow scales 2, powered by pain 1, condensation shield
a: Renounce Religion


You were in the Dungeon.
You worshipped Makhleb.
Makhleb was aware of your devotion.
You visited 1 branch

Inventory:

Hand Weapons
 a - a +0 war axe
 l - the +∞ Axe of Woe (weapon)
   (You found it in the Dungeon)
Missiles
 d - 3 throwing nets (quivered)
 e - a javelin
Armour
 b - a +0 leather armour (worn)
 c - a +0 helmet
Scrolls
 k - a scroll of blinking
Potions
 f - a potion of curing
 g - a potion of heal wounds
 h - a potion of haste
 i - 2 potions of magic
 j - a potion of berserk rage


   Skills:
 + Level 12.1 Fighting
 + Level 11.3 Axes
 - Level 1.7 Throwing
 + Level 10.9 Armour
 + Level 11.3 Dodging
 + Level 15.1 Invocations


You had 9 spell levels left.
You didn't know any spells.
Your spell library was empty.

Dungeon Overview and Level Annotations

Branches:
Dungeon (1/1)

Altars:
Makhleb


Innate Abilities, Weirdness & Mutations

You have a pair of horns on your head.
You are mostly covered in yellow scales. (AC +3)
You sometimes gain a little power by taking damage.
A meltable shield of frost defends you. (SH +4)


Message History

A pair of horns grows on your head!
Your +0 helmet falls away!
You have reached level 4!
You feel agile.
Your demonic ancestry asserts itself...
Yellow scales grow over part of your body.
You have reached level 5!
You have reached level 6!
You have reached level 7!
You have reached level 8!
You feel clever.
Your demonic ancestry asserts itself...
The horns on your head grow some more.
You have reached level 9!
Your experience leads to an increase in your attributes!
Increase (S)trength, (I)ntelligence, or (D)exterity?
You feel agile. x2; Your demonic ancestry asserts itself...
Frost condenses into a shield before you.
You have reached level 10!
Your demonic ancestry asserts itself...
Yellow scales spread over more of your body.
A meat berserker and a bag of meat come into view.
The meat berserker appears out of thin air!
A meat berserker comes into view. It is wielding a +9 battleaxe.
The meat berserker shouts!
The bag of meat shouts!
You hear a shout! x8
The meat berserker hits you with a +9 battleaxe!!!
Ouch! That really hurt!
* * * LOW HITPOINT WARNING * * *
You focus on the pain.
You feel your power returning.
You hear a shout! x2
The bag of meat moves out of view.
You hear a shout!
You hit the meat berserker.
You pulverise the meat berserker into a thin bloody mist.
You kill the meat berserker!
Makhleb accepts your kill.
You can now gain health from killing.
You hear a shout! x3
A bag of meat comes into view. It is wielding a +9 war axe.
You hear a shout! x3
The meat berserker hits you with a +9 battleaxe!!!
Ouch! That really hurt!
You die...

.... ....... ..
..... #. ....#
#.. ...# ..
.###.. o..###...
......###).......
......_.Oo......
...#....@#.....
#_o<.o# ...
#.....# .
......_.....
.....o###......
.###.. ...###..
#.. O..# . #.
...# .. .....


You could see 2 meat berserkers and 5 bags of meat.

Vanquished Creatures
  An ogre (D)
  An orc (D)
2 creatures vanquished.

Notes
Turn   | Place    | Note
-------+----------+-------------------------------------------
     0 | D        | Found the +∞ Axe of Woe
     0 | D        | Revguard the Demonspawn Gladiator began the quest for the
                  | Orb.
     0 | D        | Reached XP level 1. HP: 16/16 MP: 1/1
     2 | D        | Noticed a bag of meat
     2 | D        | Noticed a bag of meat
     3 | D        | Became a worshipper of Makhleb the Destroyer
     5 | D        | Noticed a bag of meat
     6 | D        | Noticed a bag of meat
     6 | D        | Noticed a meat berserker
     7 | D        | Killed a bag of meat
     8 | D        | Reached skill level 10 in Armour
     8 | D        | Reached skill level 15 in Invocations
     8 | D        | Gained mutation: You sometimes gain a little power by
                  | taking damage. [demonic ancestry]
     8 | D        | Reached XP level 2. HP: 38/38 MP: 1/10
     8 | D        | Gained mutation: You have a pair of small horns on your
                  | head. [demonic ancestry]
     8 | D        | Reached XP level 3. HP: 44/44 MP: 1/12
     8 | D        | Gained mutation: You are partially covered in yellow
                  | scales. (AC +2) [demonic ancestry]
     8 | D        | Reached XP level 4. HP: 51/51 MP: 1/13
     8 | D        | Reached XP level 5. HP: 57/57 MP: 1/15
     8 | D        | Reached XP level 6. HP: 64/64 MP: 1/16
     8 | D        | Reached XP level 7. HP: 70/70 MP: 1/18
     8 | D        | Gained mutation: You have a pair of horns on your head.
                  | [demonic ancestry]
     8 | D        | Reached XP level 8. HP: 76/76 MP: 1/19
     8 | D        | Gained mutation: A meltable shield of frost defends you.
                  | (SH +4) [demonic ancestry]
     8 | D        | Reached XP level 9. HP: 82/82 MP: 1/20
     8 | D        | Gained mutation: You are mostly covered in yellow scales.
                  | (AC +3) [demonic ancestry]
     8 | D        | Reached XP level 10. HP: 89/89 MP: 1/21
     8 | D        | Noticed a meat berserker
     8 | D        | Noticed a bag of meat
     9 | D        | Noticed a meat berserker
     9 | D        | Killed a meat berserker
     9 | D        | Reached * piety under Makhleb
     9 | D        | Noticed a bag of meat
     9 | D        | Annihilated by a meat berserker

Illustrated notes

Levels and vault maps discovered:
D:        meatsprint

Skill      XL: |  1 |
---------------+----+-----
Fighting       | 12 | 12.1
Axes           | 11 | 11.3
Armour         | 10 | 10.9
Dodging        | 11 | 11.3
Invocations    | 15 | 15.1
Throwing       | |  1.7

Action                     |  1- 3 |  4- 6 |  7- 9 | 10-12 || total
---------------------------+-------+-------+-------+-------++-------
  Melee: Executioner's axe |     1 |       |       |     1 ||     2
